 Dungeon Crawl Stone Soup version 0.19-a0-1002-g674d22e (webtiles) character file.

10633 mistymad the Fighter (level 11, -4/90 HPs)
             Began as a Formicid Abyssal Knight on July 19, 2016.
             Was the Champion of Lugonu.
             Killed from afar by a molten gargoyle (28 damage)
             ... with a bolt of magma
             ... on level 2 of the Lair of Beasts.
             The game lasted 00:29:15 (12721 turns).

mistymad the Fighter (Formicid Abyssal Knight)     Turns: 12721, Time: 00:29:16

Health: -4/90      AC: 20    Str: 24    XL:     11   Next: 96%
Magic:  16/16      EV:  1    Int: 11    God:    Lugonu [******]
Gold:   507        SH: 17    Dex: 12    Spells: 0 memorised, 10 levels left

rFire  . . .     SeeInvis +     x - +2 war axe (drain)
rCold  . . .     Gourm    .     r - +0 plate armour
rNeg   . . .     Faith    .     i - +0 large shield
rPois  .         Spirit   .     (helmet unavailable)
rElec  +         Dismiss  .     y - +2 cloak
rCorr  .         Reflect  .     (no gloves)
SustAt .         Harm     .     N - +1 pair of boots
MR     +....                    (no amulet)
Stlth  ..........               p - ring "Dyel" {rElec Str+3 Dex+2, =R}
                                h - +4 ring of slaying

@: somewhat resistant to hostile enchantments, extremely unstealthy
A: permanent stasis, dig shafts and tunnels, four strong arms, antennae 3
a: Dig, Shaft Self, Depart the Abyss, Bend Space, Banish, Corrupt, Enter the
Abyss, Brand Weapon With Distortion, Renounce Religion


You were on level 2 of the Lair of Beasts.
You worshipped Lugonu.
Lugonu was exalted by your worship.
You were very hungry.

You visited 3 branches of the dungeon, and saw 13 of its levels.
You visited the Abyss 1 time.

You collected 507 gold pieces.

Inventory:

Hand Weapons
 s - a +0 battleaxe
 x - a +2 war axe of draining (weapon)
Armour
 i - a +0 large shield (worn)
 r - a +0 plate armour (worn)
 y - a +2 cloak (worn)
 N - a +1 pair of boots (worn)
Jewellery
 g - an uncursed ring of protection from cold
 h - a +4 ring of slaying (left hand)
 p - the ring "Dyel" (right hand) {rElec Str+3 Dex+2, =R}
   (You found it on level 6 of the Dungeon)

   [ring of dexterity]

   It affects your strength (+3).
   It affects your dexterity (+2).
   It insulates you from electricity.
Wands
 a - a wand of flame (23/48)
 b - a wand of lightning (2/15)
 A - a wand of lightning (12/15)
 E - a wand of iceblast (9/15)
 H - a wand of paralysis (11/24)
 I - a wand of lightning (5/15)
 K - a wand of acid (6/15)
 M - a wand of flame (8/48)
 O - a wand of digging (12/24)
Scrolls
 d - 7 scrolls of enchant armour
 e - 6 scrolls of identify
 m - a scroll of noise {unknown}
 o - 2 scrolls of fear
 q - 5 scrolls of enchant weapon
 t - 6 scrolls of remove curse
 C - a scroll of fog
Potions
 f - 2 potions of lignification
 j - 3 potions of agility
 k - 4 potions of curing
 n - 4 potions of flight
 w - a potion of berserk rage {unknown}
 z - 2 potions of might {unknown}
 B - a potion of magic {unknown}
 D - a potion of heal wounds
 F - a potion of mutation {unknown}
Comestibles
 c - 8 bread rations
 l - 5 beef jerkies
 v - 3 meat rations
 G - a royal jelly
 J - 13 fruits
 L - 9 slices of pizza


   Skills:
 + Level 9.7 Fighting
 + Level 8.8 Axes
 + Level 9.7 Armour
 - Level 1.0 Dodging
 + Level 9.3 Shields
 + Level 6.8 Invocations
 + Level 4.9 Evocations


You had 10 spell levels left.
You didn't know any spells.

Dungeon Overview and Level Annotations

Branches:
Dungeon (10/15)            Temple (1/1) D:6            Lair (2/6) D:9
  Snake (0/4) Lair:2
  Swamp: Lair:2-4    Shoals: Lair:2-4       Orc: D:9-12

Altars:
Ashenzari
Cheibriados
Dithmenos
Elyvilon
Fedhas
Gozag
Hepliaklqana
Kikubaaqudgha
Makhleb
Nemelex Xobeh
Okawaru
Pakellas
Qazlal
Ru
Sif Muna
Trog
Uskayaw
Vehumet
Xom
Yredelemnul
Zin
The Shining One

Shops:
D:4 :}*   D:7 }   D:8 :


Innate Abilities, Weirdness & Mutations

You are under a permanent stasis effect.
You can dig through walls and to a lower floor.
Your four strong arms can wield two-handed weapons with a shield.
You have a pair of large antennae on your head. (SInv)


Message History

You block the fire bat's attack.
The fire bat bites you but does no damage.
You block the fire bat's attack. The fire bat bites you.
You are engulfed in flames!
* * * LOW HITPOINT WARNING * * *
You take 8 damage, and have 21/90 hp.
The fire bat bites you but does no damage.
The fire bat seems less drained.
You block the fire bat's attack. You block the fire bat's attack.
The fire bat bites you but does no damage.
You block the fire bat's attack. You block the fire bat's attack.
You block the fire bat's attack. You block the fire bat's attack.
You block the fire bat's attack.
There is a stone staircase leading up here.
You block the fire bat's attack.
The molten gargoyle blasts magma at you!
The bolt of magma hits you!
You die...

#....## #...
##....P# ##..§
#P....#### ####..§§
##....##.###.#.#..§
#9...............§
#.................
#....##PP##..#....
#....#............
##@b..+.......#..≈≈
#P.÷..#.......#....
##....#.......P.#..
#....#......)...≈≈
#.................
##.................
#.....##.####+.....
##.......>.........
#..##.##.#...#...


You could see a molten gargoyle and a fire bat.

Vanquished Creatures
  A hydra (Lair:1)
  The ghost of mistymad the Skirmisher, a novice FoAK of Lugonu (D:6)
  Joseph (D:7)
  A black mamba (Lair:1)
  2 gargoyles
  2 komodo dragons (Lair:1)
  A rime drake (Lair:1)
  4 trolls
  A two-headed ogre (D:7)
  A spriggan (D:9)
  5 yaks
  A fire elemental (Lair:2)
  2 fire bats (Lair:2)
  A hungry ghost (D:10)
  Edmund (D:6)
  4 nagas (Lair:2)
  5 water moccasins
  The ghost of crawlian the Firebug, an amateur DEFE (D:4)
  Duvessa (D:4)
  2 porcupines
  2 orc warriors
  An ice beast (D:9)
  A necrophage (D:7)
  6 ogres
  2 centaurs
  Dowan (D:4)
  A gnoll sergeant (D:9)
  3 scorpions
  4 killer bees (D:10)
  5 wights (D:9)
  2 howler monkeys (D:5)
  An electric eel (Lair:1)
  2 crimson imps
  6 hounds
  7 orc priests
  A jelly (D:6)
  17 orc wizards
  Terence (D:3)
  3 iguanas
  A gnoll shaman (D:10)
  5 worker ants
  A killer bee zombie (D:8)
  A howler monkey skeleton (D:6)
  8 gnolls
  10 adders
  14 river rats (Lair:2)
  3 shadow imps
  3 oozes
  2 adder zombies
  2 adder skeletons
  3 worms
  3 dart slugs
  6 giant geckos
  48 orcs
  3 giant cockroaches
  8 hobgoblins
  10 jackals
  13 kobolds
  6 quokkas
  2 ball pythons
  7 bats
  6 giant newts
  9 goblins
  8 rats
  A fungus (Lair:2)
  A plant (Lair:2)
288 creatures vanquished.

Vanquished Creatures (others)
  A river rat (Lair:2)
  2 fire vortices (Lair:2)
3 creatures vanquished.

Grand Total: 291 creatures vanquished

Notes
Turn   | Place    | Note
-------+----------+-------------------------------------------
     0 | Abyss:1  | mistymad the Formicid Abyssal Knight began the quest for the Orb.
     0 | Abyss:1  | Reached XP level 1. HP: 18/18 MP: 2/2
    27 | Abyss:1  | Found a sparkling altar of Nemelex Xobeh.
    69 | Abyss:1  | Noticed an ancient zyme
    73 | D:1      | Escaped the Abyss
   122 | D:1      | Reached skill level 1 in Dodging
   301 | D:1      | Reached XP level 2. HP: 24/24 MP: 3/3
   308 | D:1      | Reached * piety under Lugonu
   527 | D:1      | Reached XP level 3. HP: 25/30 MP: 4/4
  1232 | D:1      | Reached XP level 4. HP: 31/37 MP: 5/5
  1289 | D:2      | Found a faded altar of an unknown god.
  1463 | D:2      | Found a sparkling altar of Nemelex Xobeh.
  1649 | D:2      | Reached ** piety under Lugonu
  1735 | D:2      | Reached XP level 5. HP: 37/42 MP: 6/6
  2127 | D:3      | Noticed Terence
  2144 | D:3      | Killed Terence
  2641 | D:3      | Reached XP level 6. HP: 15/49 MP: 7/7
  3007 | D:3      | Found an ancient bone altar of Kikubaaqudgha.
  3411 | D:4      | Noticed Duvessa
  3411 | D:4      | Noticed Dowan
  3428 | D:4      | Killed Duvessa
  3428 | D:4      | Reached skill level 5 in Fighting
  3428 | D:4      | Reached skill level 1 in Shields
  3448 | D:4      | Killed Dowan
  3448 | D:4      | Reached XP level 7. HP: 27/56 MP: 8/8
  3756 | D:4      | Reached *** piety under Lugonu
  3833 | D:4      | Noticed crawlian's ghost (amateur DEFE)
  4094 | D:4      | Killed crawlian's ghost
  4099 | D:4      | HP: 1/56 [burnt (4)]
  4370 | D:4      | Reached skill level 5 in Armour
  4375 | D:4      | Reached skill level 5 in Axes
  4640 | D:4      | Found Siovabbaesch's Book Emporium.
  4695 | D:4      | Found Bots's Gadget Emporium.
  4701 | D:4      | Reached XP level 8. HP: 55/64 MP: 9/9
  4717 | D:3      | Found a sparkling altar of Nemelex Xobeh.
  4892 | D:4      | Found Jaoliule's General Store.
  5144 | D:5      | Entered Level 5 of the Dungeon
  5219 | D:5      | Found a hazy altar of Hepliaklqana.
  5500 | D:5      | Found an oddly glowing altar of Pakellas.
  5630 | D:5      | Reached **** piety under Lugonu
  5903 | D:5      | Found a white marble altar of Elyvilon.
  6104 | D:6      | Reached skill level 5 in Shields
  6126 | D:6      | Reached XP level 9. HP: 59/71 MP: 10/10
  6461 | D:6      | Noticed mistymad's ghost (novice FoAK)
  6473 | D:6      | Killed mistymad's ghost
  6577 | D:6      | Found a staircase to the Ecumenical Temple.
  6593 | D:6      | Got a twitching iron ring
  6602 | D:6      | Noticed Edmund
  6617 | D:6      | Killed Edmund
  6644 | D:6      | Identified the ring "Dyel" {rElec Str+3 Dex+2} (You found it on level 6 of the Dungeon)
  6997 | Temple   | Entered the Ecumenical Temple
  7301 | D:7      | Found Xaceam's Gadget Shop.
  7301 | D:7      | Noticed a two-headed ogre
  7305 | D:7      | Killed a two-headed ogre
  7369 | D:7      | Reached ***** piety under Lugonu
  7376 | D:7      | Reached XP level 10. HP: 80/80 MP: 11/11
  7396 | D:7      | Noticed Joseph
  7406 | D:7      | Killed Joseph
  7697 | D:7      | Found a hide-covered altar of Uskayaw.
  7997 | D:8      | Found Senischo's Book Shoppe.
  8249 | D:8      | Found a hazy altar of Hepliaklqana.
  8857 | D:9      | Reached skill level 1 in Evocations
  9031 | D:9      | Noticed a gargoyle
  9048 | D:9      | Killed a gargoyle
  9344 | D:9      | Found a staircase to the Lair.
  9567 | D:9      | Reached skill level 5 in Invocations
  9567 | D:9      | Reached XP level 11. HP: 59/87 MP: 14/14
  9954 | D:10     | Entered Level 10 of the Dungeon
 10375 | D:10     | Noticed an eight-headed hydra
 10722 | Lair:1   | Entered Level 1 of the Lair of Beasts
 10802 | Lair:1   | You fall through a shaft!
 11503 | Lair:1   | Noticed a four-headed hydra
 11512 | Lair:1   | Killed a four-headed hydra
 12062 | Lair:2   | Found a staircase to the Snake Pit.
 12635 | Lair:2   | Reached ****** piety under Lugonu
 12721 | Lair:2   | Killed from afar by a molten gargoyle

Vault maps used:
D:1:      minmay_arrival_split_and_join, minmay_misc_feat_x
D:2:      nemelex_xobeh_ov_fountains_minmay, ecumenical_altar_2
D:3:      lemuel_upstairs_altar, kiku_gazebo_garden_becter, uniq_terence
D:4:      serial_shops, shop, shop, shop, uniq_duvessa
D:5:      nicolae_overflow_crystal_walls, overflow_temple_1_default,
          first_bread, lemuel_statue_altar
D:6:      minmay_fountain_box, uniq_edmund
D:7:      nicolae_overflow_hidden_temple, serial_shops, shop, uniq_joseph
D:8:      overflow_temple_1_default, serial_shops, nicolae_shop_trees
D:9:      minmay_opposing_rooms, lair_0_dummy, grunt_pizzeria,
          serial_bayou_pond_a
D:10:     nicolae_qazlal_style_of_elements
Temple:   nicolae_temple_elliptical
Lair:1:   wad_woods_river_03, lemuel_fruit_tree
Lair:2:   guppyfry_snake_entry_garden

Skill      XL: |  1  2  3  4  5  6  7  8  9 10 11 |
---------------+----------------------------------+-----
Dodging        | 1 |  1.0
Armour         | 3 4 5 6 7 8 9 |  9.7
Fighting       | 4 5 6 7 8 9 |  9.7
Axes           | 3 4 5 7 8 |  8.8
Shields        | 1 3 5 6 8 9 |  9.3
Invocations    | 5 6 |  6.8
Evocations     | 3 4 |  4.9

Action                   |  1- 3 |  4- 6 |  7- 9 | 10-12 || total
-------------------------+-------+-------+-------+-------++-------
Melee: Hand axe          |    90 |   183 |       |       ||   273
       War axe           |       |    37 |   319 |   371 ||   727
Invok: Depart the Abyss  |     1 |       |       |       ||     1
       Bend Space        |       |       |       |     3 ||     3
 Abil: Dig               |       |     2 |     6 |     4 ||    12
Evoke: Wand              |       |       |       |    14 ||    14
  Use: Scroll            |     5 |     5 |     6 |     4 ||    20
       Potion            |       |     2 |     4 |       ||     6
  Eat: Chunk             |       |     9 |     9 |    15 ||    33
       Bread ration      |       |       |     1 |       ||     1
       Pizza             |       |       |       |     2 ||     2
Armor: Leather armour    |    22 |       |       |       ||    22
       Chain mail        |    45 |    72 |       |       ||   117
       Plate armour      |       |    68 |   208 |   203 ||   479
       Skin              |       |    19 |       |       ||    19
Dodge: Dodged            |    56 |    63 |    85 |   100 ||   304
Block: Buckler           |       |     4 |    55 |    83 ||   142
       Large shield      |       |       |       |   115 ||   115
